[Event "*** Titled Tuesday Blitz"]
[Site "Chess.com"]
[Date "2020.12.29"]
[Round "10"]
[White "Bodnar_Mykola"]
[Black "Bulldog167"]
[Result "0-1"]
[WhiteElo "2558"]
[BlackElo "2709"]
[TimeControl "180+1"]
[EndTime "11:56:15 PST"]
[Termination "Bulldog167 won by resignation"]

1. e4 c5 2. Nf3 d6 3. d4 cxd4 4. Nxd4 Nf6 5. Nc3 a6 6. Bg5 Nbd7 7. Bc4 Qb6 8. O-O Qxb2 9. Nd5 Nxd5 10. Rb1 Qc3 11.
Bxd5 e6 12. Bxb7 Bxb7 13. Rxb7 Nc5 14. Rb6 Nxe4 15. Bh4 g5 16. Re1 d5 17. Nxe6 fxe6 18. Qh5+ Kd8 19. Bxg5+ Nxg5 20. Qxg5+ Be7 21. Qc1 Rg8 22.
Rbxe6 Qf3 23. g3 Bc5 24. Qd2 Kd7 25. R6e5 Kc6 26. Re6+ Kd7 27. R6e5 Kd6 28. c4 Bxf2+ 29. Qxf2 Qxf2+ 30. Kxf2 Rgf8+ 31. Kg2 dxc4 32. Re6+ Kd5 33.
R6e5+ Kd4 34. R5e4+ Kd3 35. R1e3+ Kd2 36. Re2+ Kc3 37.
R2e3+ Kb4 38. a3+ Kb5 39. Re5+ Ka4 40. Rc3 Rfc8 41. Re4 Ra7 42. g4 Rb7 43. h4 Rb2+ 44. Kg1 Kb5 45. Re5+ Kb6 46. Re6+ Kb5 47. Re5+ Rc5 48.
Re4 Rd5 49. Rc1 c3 50. a4+ Ka5 51. Ree1 c2 52. Kf2 Rd2+ 53. Ke3 Rh2 54. Re2 Rxh4 55.
Kf3 Rh3+ 56. Ke4 Rc3 57. Kd4 Kb4 58. Re4 Rc4+ 59. Kd3 Rxe4 60. Kxe4 Kc3 61. Ke3 Rb1 62. Rxb1 cxb1=Q 0-1

[Event "*** Titled Tuesday Blitz"]
[Site "Chess.com"]
[Date "2020.12.29"]
[Round "10"]
[White "Logman74"]
[Black "Lion-Al-Messi"]
[Result "0-1"]
[WhiteElo "2389"]
[BlackElo "2543"]
[TimeControl "180+1"]
[EndTime "11:56:16 PST"]
[Termination "Lion-Al-Messi won on time"]

1. e4 e6 2. d4 d5 3. Nd2 c5 4. exd5 Qxd5 5. Ngf3 cxd4 6. Bc4 Qd6 7. O-O Nf6 8. Nb3 Nc6 9. Nbxd4 Nxd4 10. Nxd4 Be7 11. b3 O-O 12. Bb2 a6 13. Qf3 Qc7 14. Rfe1 Rb8 15. Rad1 b5 16. Nf5 exf5 17. Be5 Qb7 18. Bxb8 Qxb8 19. Rxe7 bxc4 20. Qc6 Be6 21. Qxa6 c3 22. a4 Ne4 23. a5 Qf4 24. Qe2 Bc8 25.
f3 Nd2 26. Re8 g6 27. Rxf8+ Kxf8 28. a6 Qd4+ 29. Qf2 Qxf2+ 30. Kxf2 Bxa6 31. Ke3 Bf1 32. g3 Bg2 33. Kd4 Bxf3 34. Ra1 Ne4 35. b4 Nd6 36. Kxc3 Ke7 37. Kd4 Kd7 38. c4 f6 39. Ra7+ Ke6 40.
b5 Be2 41. b6 Bf3 42. Rxh7 g5 43. c5 Nb7 44. Rc7 Na5 45. Ke3 Bd5 46. h4 f4+ 47.
gxf4 gxh4 48. Rh7 Nb7 49. Rxh4 Nxc5 50. f5+ Kd6 51. Rh7 Nb7 52. Kd4 Bc6 53. Rc7 Nc5 54.
Rf7 Nd7 55. Ke3 Bb7 56. Kf4 Kc6 57. Kg3 Bc8 0-1

[Event "*** Titled Tuesday Blitz"]
[Site "Chess.com"]
[Date "2020.12.29"]
[Round "10"]
[White "juli2512"]
[Black "GMJustin"]
[Result "0-1"]
[WhiteElo "2118"]
[BlackElo "2306"]
[TimeControl "180+1"]
[EndTime "11:56:16 PST"]
[Termination "GMJustin won by resignation"]

1. e4 e5 2. Nc3 Nc6 3. g3 g6 4. Bg2 Bg7 5. d3 d6 6. f4 Nge7 7. Nf3 O-O 8. Be3 exf4 9. Bxf4 f5 10. Qd2 fxe4 11. dxe4 Bg4 12. O-O Qd7 13. Rae1 Bh3 14.
Ng5 Bxg2 15. Kxg2 h6 16. Nf3 g5 17. Be3 Ng6 18. Nd5 Rae8 19. Nd4 Rxe4 20. Rxf8+ Nxf8 21. Nf3 Re8 22. b4 Ne5 23. Nxe5 Rxe5 24. c4 c6 25. Nc3 Qe6 26. c5 d5 27. Bf2 Rxe1 28. Qxe1 Qxe1 29.
Bxe1 Kf7 30. Kf3 Ke6 31. Ke2 Ng6 32. Kd3 Ne5+ 33. Ke2 Ng4 34. h3 Ne5 35. Bd2 d4 36. Ne4 Kd5 37. Nf2 Kc4 38. a3 a5 39. Ne4 a4 40. Nd6+ Kb3 41. Nxb7 Kxa3 42. Na5 d3+ 43. Ke3 Kb2 44. h4 a3 45. b5 cxb5 46. c6 Nxc6 47. Nxc6 a2 48. Nd4 a1=Q 49. Nxb5 Qb1 50. hxg5 Qg1+ 51. Kxd3 Qf1+ 52. Ke4 Qxb5 53. Be3 Qc6+ 54. Kf4 hxg5+ 55. Kg4 Be5 56. Bxg5 Bxg3 57. Kxg3 Kc2 58.
Bf4 Kd3 59. Kg4 Ke4 60. Bg5 Qe6+ 61. Kg3 Kf5 62. Bf4 Qg6+ 63. Kf3 Qg4+ 64. Ke3 Qxf4+ 0-1

[Event "*** Titled Tuesday Blitz"]
[Site "Chess.com"]
[Date "2020.12.29"]
[Round "10"]
[White "glebus008"]
[Black "Agoking701"]
[Result "0-1"]
[WhiteElo "2244"]
[BlackElo "2354"]
[TimeControl "180+1"]
[EndTime "11:56:18 PST"]
[Termination "Agoking701 won by checkmate"]

1. e4 c6 2. d4 d5 3. Nd2 dxe4 4. Nxe4 Nd7 5. Nf3 Ngf6 6. Nxf6+ Nxf6 7. Bc4 Bf5 8. O-O e6 9. Bb3 Bd6 10. Re1 O-O 11.
Ne5 Nd5 12. c3 Qc7 13. Bd2 Rad8 14. Qe2 c5 15. Bxd5 exd5 16. h3 Rfe8 17. Qb5 a6 18.
Qa4 Bxe5 19. Rxe5 Rxe5 20. dxe5 Qxe5 21. Be3 d4 22. cxd4 cxd4 23. Rd1 d3 24. Qb3 Qe4 25. Rd2 h6 26. Qb6 Kh7 27. Qxd8 Qc4 28. Qd4 Qxa2 29. Kh2 Qb3 30. Qc3 Qd5 31. Qd4 Qb3 32. Qc3 Qd5 33. Kg1 Be4 34. f3 Bg6 35. Qd4 Qb3 36. Qb6 Qd5 37.
Bd4 Qg5 38. Be3 Qd5 39. Qd4 Qb3 40. Qf4 Qd5 41. h4 h5 42. Kh2 Qe6 43. g4 Qe7 44. Qg5 Qd6+ 45. Bf4 Qc6 46. Kg3 f6 47. Qa5 hxg4 48.
fxg4 Qh1 49. Qc5 Qe1+ 50. Qf2 Qh1 51. h5 Be4 52. Qh2 Qe1+ 53. Qf2 Qh1 54. g5 f5 55. g6+ Kh8 56. Qh2 Qf3+ 57. Kh4 Qg4# 0-1

[Event "*** Titled Tuesday Blitz"]
[Site "Chess.com"]
[Date "2020.12.29"]
[Round "10"]
[White "Salem-AR"]
[Black "Evgeny81"]
[Result "1-0"]
[WhiteElo "2922"]
[BlackElo "2731"]
[TimeControl "180+1"]
[EndTime "11:56:22 PST"]
[Termination "Salem-AR won on time"]

1. e4 e5 2. Nf3 Nc6 3. Bc4 Nf6 4. d3 Be7 5. O-O d6 6. Re1 O-O 7. a4 Be6 8. Nbd2 h6 9. Nf1 Nh7 10. Ng3 Ng5 11. Bxg5 Bxg5 12. Bxe6 fxe6 13. c3 Bf6 14. Qb3 Qd7 15. a5 a6 16. Nf1 Kh8 17. Ne3 Rab8 18.
Nc4 Ne7 19. Qa4 Qxa4 20. Rxa4 Kg8 21. Kf1 Kf7 22. Ke2 Ke8 23. g3 Kd7 24. b4 g6 25.
Ra2 Bg7 26. Rb2 c6 27. Rd1 Rf7 28. Nh4 Rbf8 29. Rf1 h5 30. Ng2 d5 31. Nb6+ Kc7 32.
Na4 Nc8 33. Nc5 Re8 34. Nh4 g5 35. Nf3 Bf6 36. h3 g4 37. hxg4 hxg4 38. Nh2 Rg7 39. Rh1 Rh7 40. Kf1 Nd6 41. Kg2 Rg7 42. Nf1 Nb5 43.
Rc2 Bg5 44. Rh5 Ree7 45. Nh2 Bf6 46. Rh6 Bg5 47. Nxe6+ Kd7 48. Nxg7 Bxh6 49. Nf5 Re6 50. Nxg4 Bf8 51. f3 Kc7 52. Nge3 d4 53. cxd4 exd4 54. Nd5+ Kb8 55. Nf4 Re8 56. Rc4 Na3 57. Rxd4 Nc2 58. Rd7 Nxb4 59. Ng6 Nc2 60. d4 Na3 61. Nxf8 Rxf8 62.
Nd6 1-0

[Event "*** Titled Tuesday Blitz"]
[Site "Chess.com"]
[Date "2020.12.29"]
[Round "10"]
[White "The_Machine04"]
[Black "rychessmaster1"]
[Result "1-0"]
[WhiteElo "2435"]
[BlackElo "2547"]
[TimeControl "180+1"]
[EndTime "11:56:22 PST"]
[Termination "The_Machine04 won by resignation"]

1. d4 Nf6 2. Bg5 Ne4 3. Bf4 d5 4. e3 Nc6 5. Bd3 Nf6 6. c3 g6 7. Nd2 Bg7 8. Ngf3 O-O 9. Ne5 Nxe5 10. Bxe5 c6 11. h4 Ng4 12. Bxg7 Kxg7 13. h5 e5 14. Be2 Qg5 15. Nf3 Qf6 16. dxe5 Nxe5 17. Nxe5 Qxe5 18. Qd4 Qxd4 19. exd4 Bf5 20. g4 Bd7 21. Kd2 Rae8 22. Rae1 Re7 23. Bd1 Rfe8 24. hxg6 fxg6 25. Rxe7+ Rxe7 26. Re1 Rxe1 27. Kxe1 Kf6 28. f4 h6 29. Kf2 Be8 30. Kg3 h5 31. gxh5 gxh5 32. Bc2 Bg6 33. Bd1 a5 34. Be2 b6 35. Bf1 c5 36. a3 Be8 37. Bg2 Bf7 38. Bh3 cxd4 39. cxd4 Be8 40. Kh4 Bg6 41. Bd7 Bf5 42. Be8 Bg4 43. Bc6 Bf3 44.
Bd7 Be2 45. b4 Ke7 46. Bh3 axb4 47. axb4 Kd6 48. Kg5 b5 49. Bf5 Ke7 50. Bg6 Ke6 51. f5+ Ke7 52. Bxh5 Bd3 53. f6+ Kf8 54. Bg6 Bc4 55. Kf4 Bb3 56. Ke5 Bc4 57. Bf5 Kf7 58. Be6+ Kg6 59. Bxd5 Bd3 60. Be4+ Bxe4 61. Kxe4 Kxf6 62.
Kd5 Ke7 63. Kc6 Ke6 64. d5+ Ke5 65. d6 Kd4 66. Kxb5 1-0

[Event "*** Titled Tuesday Blitz"]
[Site "Chess.com"]
[Date "2020.12.29"]
[Round "10"]
[White "AttilaTurzo"]
[Black "1977Ivan"]
[Result "0-1"]
[WhiteElo "2488"]
[BlackElo "2688"]
[TimeControl "180+1"]
[EndTime "11:56:26 PST"]
[Termination "1977Ivan won on time"]

1. d4 d5 2. Bf4 c5 3. e3 cxd4 4. exd4 Nc6 5. c3 Bf5 6. Nf3 e6 7. Be2 f6 8. O-O g5 9. Be3 Bd6 10. c4 Nge7 11. Nc3 a6 12. Re1 O-O 13. Rc1 Kh8 14.
Nd2 Rc8 15. Bf3 Bb8 16. b3 Ba7 17. Nf1 dxc4 18. d5 Bxe3 19. Nxe3 Ne5 20. Nxf5 Nxf5 21. bxc4 Nh4 22. Be4 exd5 23. Bxd5 Rc7 24. Ne4 Nhg6 25. g3 g4 26. Re3 Qe7 27. Kg2 Qg7 28. c5 Re7 29. Nd6 f5 30. Qd4 f4 31. Re4 Qf6 32. Rce1 fxg3 33. hxg3 Qg7 34. R4e2 h6 35. Nxb7 Rxb7 36.
Rxe5 Nxe5 37. Rxe5 Re7 38. Re4 Qxd4 39. Rxd4 Rc7 40. c6 Rd8 41. Rd3 Rxc6 42. Bxc6 Rxd3 43. a4 Ra3 44. Kf1 Kg7 45. Ke2 Kf6 46. Bd7 Ke5 47. Bc6 h5 48. Be8 Kf5 49. Bd7+ Kg5 50. Bc6 h4 51. gxh4+ Kxh4 52. Kd2 g3 53. fxg3+ Kxg3 54. Kc2 Kf4 55. Kb2 Rd3 56. Bb7 a5 57. Bc6 Ke5 58. Bb5 Rd4 59. Kc3 Rb4 60. Bc6 Kd6 61.
Bb5 Kc5 62. Kd3 Rb3+ 63. Kc2 Kb4 64. Bd7 Re3 65. Bb5 Rg3 0-1

[Event "*** Titled Tuesday Blitz"]
[Site "Chess.com"]
[Date "2020.12.29"]
[Round "10"]
[White "Das_Virus_2020"]
[Black "Martins-BR"]
[Result "1/2-1/2"]
[WhiteElo "2453"]
[BlackElo "2280"]
[TimeControl "180+1"]
[EndTime "11:56:33 PST"]
[Termination "Game drawn by stalemate"]

1. e4 c5 2. c3 Nf6 3. e5 Nd5 4. Nf3 e6 5. d4 cxd4 6. cxd4 d6 7.
a3 Bd7 8. Bd3 Bc6 9. O-O Nd7 10.
Re1 a6 11. Nbd2 Nf4 12. Bf1 dxe5 13. dxe5 Be7 14. Ne4 Nd5 15. Bd3 h6 16. Qe2 O-O 17.
Bd2 Re8 18. Rad1 Qc7 19. Ng3 Nf8 20. Nd4 Ba4 21. Rc1 Qb8 22. Qg4 Kh8 23. Nxe6 Nxe6 24. Qxa4 Rd8 25. Qe4 Nf8 26. Nf5 Rd7 27. Qg4 Ng6 28.
Nxg7 Kxg7 29. Qxd7 Qd8 30. Qf5 Bg5 31. Bxg5 Qxg5 32.
Qxg5 hxg5 33. Be4 Ndf4 34. g3 Ne6 35. Red1 Rb8 36. Rd7 Nxe5 37. Rxb7 Rd8 38. Ra7 Rd2 39. Rxa6 Rxb2 40. Bd5 Nd4 41. Kg2 g4 42. Ra7 Rd2 43.
Rcc7 Ndf3 44. Bxf3 gxf3+ 45. Kh3 Rxf2 46. Ra5 Re2 47.
Rxe5 Rxe5 48. Rc1 Re3 49. Rf1 Rxa3 50. Kg4 Kg6 51. Rxf3 Ra4+ 52. Kh3 f5 53. Rb3 Ra6 54. Rb2 Kg5 55. Kg2 Ra4 56. h3 Rc4 57. Rb3 Ra4 58. Kf3 Rc4 59. h4+ Kh5 60. Rb5 Kg6 61. Rb6+ Kg7 62.
Re6 Rb4 63. Rd6 Ra4 64. h5 Rb4 65. Rg6+ Kf7 66. Kg2 Ra4 67. Kh3 Rb4 68. g4 fxg4+ 69. Rxg4 Rxg4 70. Kxg4 Kg7 71. Kg5 Kh7 72. h6 Kh8 73.
Kg6 Kg8 74. h7+ Kh8 75. Kh6 1/2-1/2

[Event "*** Titled Tuesday Blitz"]
[Site "Chess.com"]
[Date "2020.12.29"]
[Round "10"]
[White "rasmussvane"]
[Black "FGHSMN"]
[Result "1-0"]
[WhiteElo "2881"]
[BlackElo "2658"]
[TimeControl "180+1"]
[EndTime "11:56:34 PST"]
[Termination "rasmussvane won by checkmate"]

1. Nf3 Nf6 2. g3 b6 3. Bg2 Bb7 4. O-O e6 5. d4 c5 6. c4 cxd4 7. Qxd4 d6 8. Nc3 Be7 9. Bg5 a6 10. Bxf6 Bxf6 11. Qf4 Bxf3 12. exf3 Ra7 13. Rfd1 Rd7 14.
Rd2 O-O 15. Ne4 Be7 16. Rad1 Nc6 17. h4 Qc7 18. b3 Rfd8 19. Ng5 Bf8 20. Qe4 g6 21. f4 Ne7 22. Qe2 Bg7 23. Bh3 Nf5 24. h5 Re7 25. hxg6 hxg6 26. Qf3 b5 27. Bxf5 exf5 28. cxb5 axb5 29. Qh1 Rde8 30. Qd5 b4 31. Qxd6 Re1+ 32. Rxe1 Rxe1+ 33. Kg2 Qxd6 34. Rxd6 Re2 35.
Rd8+ Bf8 36. Ra8 Kg7 37. Kf1 Rb2 38. Ra7 Bc5 39. Ne6+ Kf6 40. Nxc5 Rc2 41. Nd3 Rd2 42. Nxb4 g5 43. fxg5+ Kxg5 44. Rxf7 Rd4 45. Nc6 Rd1+ 46. Kg2 Ra1 47. Ne5 Rxa2 48. Nf3+ Kg6 49. Rb7 Rb2 50.
Rb6+ Kf7 51. Ne5+ Ke7 52. Kf3 Rc2 53. Ke3 Rb2 54. f3 Rg2 55. Kf4 Kd8 56. b4 Kc7 57.
Rf6 Rb2 58. Kxf5 Rxb4 59. f4 Rb3 60. g4 Rh3 61. g5 Kd8 62. Rh6 Rg3 63. Rd6+ Ke7 64.
Rd7+ Kf8 65. Ra7 Rc3 66. g6 Rc8 67. Kf6 Kg8 68. f5 Rf8+ 69. Kg5 Re8 70. Ng4 Rf8 71. Nh6+ Kh8 72. Rh7# 1-0

[Event "*** Titled Tuesday Blitz"]
[Site "Chess.com"]
[Date "2020.12.29"]
[Round "10"]
[White "Nadtkins"]
[Black "Skat2704"]
[Result "0-1"]
[WhiteElo "2512"]
[BlackElo "2406"]
[TimeControl "180+1"]
[EndTime "11:56:36 PST"]
[Termination "Skat2704 won by checkmate"]

1. c4 c5 2. g3 g6 3. Bg2 Bg7 4.
Nc3 Nc6 5. a3 e6 6. Rb1 a5 7. d3 Nge7 8. h4 d5 9. cxd5 exd5 10. h5 O-O 11. hxg6 fxg6 12. Bg5 Be6 13. Nh3 Rf5 14. Bd2 Rh5 15. Nf4 Rxh1+ 16. Bxh1 Bf7 17.
Kf1 Qd7 18. Bg2 Rf8 19. Na4 Qd6 20. Qc1 g5 21. Nh3 h6 22. Qxc5 Qe6 23. Qe3 Qg6 24. Qb6 Bd4 25. Qxb7 Qe6 26. e3 Bg7 27. Nc5 Qg4 28. Kg1 Qe2 29. Bc3 Rb8 30. Bf1 Qc2 31.
Qxb8+ Nxb8 32. Re1 Nf5 33. d4 Nd6 34. Re2 Qb1 35. f4 Qg6 36. fxg5 hxg5 37. Nf2 Ne4 38. Nfxe4 dxe4 39. Bg2 Bd5 40. Rf2 Nc6 41. Bh3 g4 42. Bf1 Bh6 43. b4 Bxe3 44. b5 Qf7 45. Be1 Bxf2+ 46. Bxf2 Nb8 47. b6 e3 48. Bxe3 Qf3 49.
Bf4 Qh1+ 50. Kf2 Qh2+ 51. Ke1 Nc6 52. b7 Qb2 53. a4 Bf3 54. Bb5 Qb1+ 55. Kd2 Qd1+ 56.
Kc3 Qxd4+ 57. Kb3 Qxc5 58. Bc4+ Kg7 59. Bc1 Qb4+ 60. Kc2 Qxb7 61. Bb2+ Kf8 62. Ba3+ Ke8 63. Bb5 Kd8 64. Kd3 Nb4+ 65. Kc4 Qe4+ 66. Kb3 Qc2# 0-1

[Event "*** Titled Tuesday Blitz"]
[Site "Chess.com"]
[Date "2020.12.29"]
[Round "10"]
[White "lelajavakhishvili"]
[Black "Godzillator"]
[Result "1-0"]
[WhiteElo "2520"]
[BlackElo "2349"]
[TimeControl "180+1"]
[EndTime "11:56:38 PST"]
[Termination "lelajavakhishvili won by resignation"]

1. d4 d5 2. c4 c6 3. Nf3 Nf6 4. e3 Bf5 5. Nc3 a6 6. Bd3 Bxd3 7. Qxd3 e6 8. O-O Bb4 9. Bd2 O-O 10. Rac1 b5 11.
cxd5 cxd5 12. Ne5 Bxc3 13. Bxc3 Nfd7 14. Bb4 Re8 15. f4 Nf6 16. Rc2 g6 17. Rfc1 Ra7 18.
Bc5 Rb7 19. b3 Ne4 20. Bb4 f6 21. Nc6 Nxc6 22. Rxc6 a5 23. Be1 a4 24. bxa4 bxa4 25.
Qa6 Qa8 26. Rxe6 Qxa6 27. Rxa6 Rb2 28. Rxa4 Nd6 29. Bf2 Nc4 30. Ra6 Kf7 31. a4 Reb8 32. Ra7+ Ke6 33. e4 dxe4 34. d5+ Kxd5 35. Rd7+ Ke6 36.
Rd4 Nd2 37. Be3 Nb3 38. Rc6+ Ke7 39. Rxe4+ Kf7 40. Rc7+ Kg8 41. Ree7 Rb1+ 42. Kf2 Na1 43. Rxh7 R1b2+ 44. Kf3 Nc2 45. Rcg7+ Kf8 46. Rd7 Kg8 47. Rhg7+ Kf8 48. Rgf7+ Kg8 49. Rfe7 Nxe3 50. Rxe3 Ra2 51. Ra7 Kf8 52. g4 Rbb2 53. Ke4 Rb4+ 54. Kf3 Raxa4 55. Rxa4 Rxa4 56. h4 Kf7 57. Rc3 Rb4 58. Rc7+ Kf8 59. g5 fxg5 60. hxg5 Kg8 61. Kg4 Rb2 62. Rc6 Kg7 63.
Rc7+ Kg8 64. Ra7 Rg2+ 65. Kf3 Rb2 66. Ke4 Rb5 67. Rd7 Kf8 68. Rd5 Rb2 69. Ke5 Rf2 70. Rd6 Kg7 71. Rd7+ Kf8 72. Kf6 Rxf4+ 73. Kxg6 Kg8 74. Rd8+ Rf8 75. Rxf8+ Kxf8 76. Kh7 Kf7 77. g6+ 1-0

[Event "*** Titled Tuesday Blitz"]
[Site "Chess.com"]
[Date "2020.12.29"]
[Round "10"]
[White "ckgchess"]
[Black "Titus369"]
[Result "1-0"]
[WhiteElo "2769"]
[BlackElo "2542"]
[TimeControl "180+1"]
[EndTime "11:56:39 PST"]
[Termination "ckgchess won by checkmate"]

1. e4 c5 2. c3 g6 3. d4 cxd4 4. cxd4 d5 5. e5 Bg7 6. Nf3 Nh6 7. h3 O-O 8. Be2 f6 9. O-O Nf7 10. Nc3 Nc6 11. exf6 Bxf6 12. Qb3 e6 13. Be3 Nd6 14. Rac1 a6 15. Na4 Bd7 16. Nc5 Na5 17. Qb4 Nc6 18. Qa3 Re8 19. Rfe1 Qe7 20. Bf4 Nb5 21. Bxb5 axb5 22.
Qd3 Nb4 23. Qb3 Nc6 24. Nxd7 Qxd7 25. Be5 Bxe5 26. Nxe5 Nxe5 27. Rxe5 Rac8 28. Rce1 Rc6 29. Qxb5 Qf7 30. Qb3 Rec8 31. Qe3 Rc2 32. Rxe6 Rxb2 33. Re7 Qf6 34. Re6 Qf7 35. Re7 Qf6 36. a4 Rf8 37. f3 Rb4 38. Qe6+ Qxe6 39. R1xe6 Rf7 40. Re8+ Kg7 41. a5 Rxd4 42. Rd6 Rd1+ 43. Kh2 d4 44. Red8 Ra1 45. Rd5 Ra2 46. Kg3 h5 47. h4 d3 48.
R8d6 d2 49. Rg5 Kh7 50. Rdd5 Rf5 51. Rgxf5 gxf5 52. Kf4 Kg6 53. Rd7 Ra4+ 54. Ke3 Rxa5 55. Rxd2 Ra3+ 56. Kf4 Ra4+ 57. Ke5 Ra5+ 58. Kf4 Ra4+ 59.
Ke5 Rxh4 60. Rd6+ Kg5 61. Rd7 Rb4 62. Rg7+ Kh4 63. Kxf5 Rb2 64. g3+ Kh3 65. f4 Rb5+ 66. Ke4 Rb4+ 67. Ke5 Rb3 68. f5 Rxg3 69. Rxg3+ Kxg3 70. f6 h4 71. f7 h3 72. f8=Q Kg2 73. Qg7+ Kh1 74. Qg3 h2 75. Qf2 b5 76. Qf1# 1-0

[Event "*** Titled Tuesday Blitz"]
[Site "Chess.com"]
[Date "2020.12.29"]
[Round "10"]
[White "Bigfish1995"]
[Black "kirillshevchenko"]
[Result "1-0"]
[WhiteElo "3014"]
[BlackElo "2874"]
[TimeControl "180+1"]
[EndTime "11:56:40 PST"]
[Termination "Bigfish1995 won on time"]

1. e4 c5 2. Nf3 d6 3. d4 cxd4 4. Nxd4 Nf6 5. Nc3 a6 6. Qd3 Nbd7 7. Be2 g6 8. Bg5 Bg7 9. O-O-O Qc7 10. f4 O-O 11.
Bf3 h6 12. Bh4 e5 13. Nde2 exf4 14. Bxf6 Bxf6 15. Nd5 Qc5 16. Nexf4 Be5 17. Kb1 Kh7 18. Rhf1 Nb6 19. Be2 Nxd5 20. Nxd5 Be6 21. Qb3 Rac8 22. h3 b5 23. c3 h5 24. a3 Rb8 25.
Qb4 Kg7 26. Rd3 Qa7 27. Qa5 Rfc8 28. Rdf3 Rb7 29. Nf4 Re8 30. Nxe6+ Rxe6 31. Bd1 Rf6 32. Rxf6 Bxf6 33. Qb4 Qc5 34. Bb3 Be5 35. Bd5 Ra7 36. Qb3 f6 37. Qb4 a5 38. Qxc5 dxc5 39. Kc2 b4 40. a4 Kf8 41. Kb3 Ke7 42. Kc4 Kd6 43. Rd1 Rc7 44. Bf7+ Kc6 45. Bxg6 Rg7 46. Be8+ Kb6 47.
Rd2 bxc3 48. bxc3 Rg3 49. Rc2 h4 50. Bf7 Re3 51. Bd5 Rg3 52. Rb2+ Kc7 53. Rb7+ Kd6 54. Rb6+ Kd7 55. Kxc5 Rxc3+ 56. Kb5 Rc2 57. Rb7+ Kd6 58. Rg7 Rb2+ 59. Kxa5 Kc5 60. Ka6 Rb6+ 61. Ka7 Bb8+ 62.
Ka8 Be5 63. a5 Rb5 64. a6 Rb8+ 65. Ka7 Rb2 66. Rb7 Rxg2 67. Rb3 Ra2 68. Kb7 Kd4 69.
a7 Rxa7+ 70. Kxa7 1-0

[Event "*** Titled Tuesday Blitz"]
[Site "Chess.com"]
[Date "2020.12.29"]
[Round "10"]
[White "theturtlemoves"]
[Black "Nadeev_Sergey"]
[Result "1/2-1/2"]
[WhiteElo "2379"]
[BlackElo "2471"]
[TimeControl "180+1"]
[EndTime "11:56:41 PST"]
[Termination "Game drawn by repetition"]

1. e4 e5 2. Nf3 Nc6 3. Bb5 a6 4. Ba4 Nf6 5. O-O Be7 6. Re1 b5 7. Bb3 O-O 8. c3 d5 9. exd5 Nxd5 10. Nxe5 Nxe5 11. Rxe5 c6 12. d3 Bd6 13. Re1 Qh4 14. g3 Qh3 15. Re4 Qf5 16. Nd2 Nf6 17. Re1 Qxd3 18. Ne4 Qxd1 19. Nxf6+ gxf6 20. Rxd1 Bc5 21. Be3 Be7 22. Rd4 c5 23. Rh4 Bf5 24. Re1 Rfe8 25.
Bd5 Rac8 26. Bb7 Rb8 27. Bc6 Rec8 28. Be4 Bg6 29. Bxg6 hxg6 30. Bf4 Rb7 31. Bc1 f5 32.
Rf4 Bg5 33. Rf3 Bxc1 34. Rxc1 Rd7 35. Rc2 Rd1+ 36. Kg2 Re8 37. Re3 Rxe3 38. fxe3 c4 39. h4 Kg7 40. b3 cxb3 41. axb3 Rb1 42. b4 Ra1 43. c4 bxc4 44. Rxc4 Kf6 45. Kf3 Rb1 46.
Rc6+ Ke5 47. Rxa6 Rxb4 48. Ra5+ Kf6 49. Ra6+ Kg7 50. Ra5 Rb7 51. Ra6 Kh6 52. Ra8 Rb1 53. Rc8 Kg7 54. Ra8 Kf6 55. Ra6+ Kg7 56. Ra8 Rd1 57.
Ke2 Rd7 58. Kf3 Rd6 59. Rb8 Kf6 60. Ra8 Ke5 61. Ra5+ Kf6 62. Ra8 Rd1 63. Ra6+ Kg7 64.
Ra8 Rd6 65. Ra7 Rb6 66. Ra8 f6 67. Ra7+ Kh6 68. Rf7 Rc6 69. Kf4 Rb6 70. Kf3 Ra6 71. Kf4 Rb6 72. Kf3 1/2-1/2

[Event "*** Titled Tuesday Blitz"]
[Site "Chess.com"]
[Date "2020.12.29"]
[Round "10"]
[White "DenLaz"]
[Black "DryCounty"]
[Result "1-0"]
[WhiteElo "2831"]
[BlackElo "2641"]
[TimeControl "180+1"]
[EndTime "11:56:45 PST"]
[Termination "DenLaz won on time"]

1. d4 Nf6 2. c4 g6 3. g3 Bg7 4. Bg2 O-O 5. Nc3 d6 6. Nf3 Nc6 7. O-O e5 8. d5 Nb8 9. e4 a5 10.
Ne1 Na6 11. a3 Nc5 12. Be3 Ng4 13. Bxc5 dxc5 14. Nd3 Qe7 15. Na4 b6 16. b4 axb4 17. axb4 cxb4 18. Nxb6 Rxa1 19. Nxc8 Rxc8 20. Qxa1 Nf6 21.
c5 Nd7 22. Rc1 f5 23. Qa6 Rf8 24. Nxb4 fxe4 25. Qe6+ Qxe6 26. dxe6 Nf6 27. e7 Re8 28. Nc6 Kf7 29. Bf1 Nd7 30. Bc4+ Kf6 31. Rd1 Nxc5 32. Rd8 Rxe7 33. Nxe7 Kxe7 34. Rd5 Ne6 35. Rd1 Nd4 36. Kg2 c6 37. Re1 Kd6 38. Rxe4 Bf6 39. h4 c5 40. Re1 h6 41. Ra1 e4 42. Re1 g5 43. hxg5 hxg5 44.
Rxe4 Be5 45. Kh3 Bf6 46. Kg4 Bd8 47. Re8 Be7 48. f4 gxf4 49. gxf4 Nc2 50. Kf3 Na3 51. Bd3 c4 52. Be4 c3 53. Rc8 Bf6 54. Ke2 Nb5 55.
Kd3 Ke7 56. Rc5 Nd6 57. Bf3 Ke6 58. Bg4+ Ke7 59. Rc7+ Kf8 60. Rd7 Nb5 61. Rb7 Nd6 62.
Rb6 Ke7 63. Bd1 Ne8 64. Bc2 Nd6 65. Rc6 Kd7 66. Ra6 Kc7 67. Ke3 Kd7 68. Kf3 Ke7 69.
Kg4 Kd7 70. Kh5 Kc7 71. Kg6 Bd4 72. f5 Nc4 73. f6 Ne5+ 74. Kf5 Nc4 75. f7 Bg7 76.
Kg6 1-0

[Event "*** Titled Tuesday Blitz"]
[Site "Chess.com"]
[Date "2020.12.29"]
[Round "10"]
[White "VladaSviridova"]
[Black "XiaoKangZhong"]
[Result "1-0"]
[WhiteElo "2266"]
[BlackElo "2393"]
[TimeControl "180+1"]
[EndTime "11:56:46 PST"]
[Termination "VladaSviridova won by resignation"]

1. d4 Nf6 2. c4 g6 3. Nc3 d5 4. cxd5 Nxd5 5. e4 Nxc3 6. bxc3 Bg7 7. Bc4 O-O 8. Ne2 c5 9. O-O Nc6 10. Be3 Qc7 11. Rc1 b6 12. Qd2 e6 13. Rfd1 Na5 14.
Bd3 c4 15. Bc2 Bb7 16. Bh6 f5 17. Bxg7 Kxg7 18. e5 Bd5 19. Nf4 Rfd8 20. Qe3 Nc6 21. Qg3 Kh8 22. a4 a6 23. Rb1 Rab8 24. Qh4 Kg8 25.
Qg5 Qe7 26. Qh6 Qg7 27. Qxg7+ Kxg7 28. f3 Rd7 29. Kf2 b5 30. axb5 axb5 31. h4 h6 32. Ke3 Ne7 33. g4 Kf7 34. gxf5 exf5 35. h5 g5 36. Ne2 Be6 37. f4 Nd5+ 38. Kf3 g4+ 39. Kg3 Ne3 40. Rdc1 Ra7 41. Kf2 Nxc2 42. Rxc2 Ra3 43.
Rcb2 Ra5 44. Ke3 Bd5 45. Ng3 Ke6 46. Rb4 Bc6 47. R1b2 Rba8 48. Kd2 Ra1 49. d5+ Kxd5 50. Nxf5 Ke4 51. Ne7 Bd7 52. Ke2 Kxf4 53. Ng6+ Ke4 54.
Kf2 Rc1 55. Re2+ Kf5 56. Nh4+ Ke6 57. Re3 Rf8+ 58. Kg3 Rg1+ 59. Kh2 Rgf1 60. Rb2 R8f2+ 61. Rxf2 Rxf2+ 62. Kg3 Rd2 63. Ng6 Rd3 64. Nf4+ Kf5 65. Nxd3 cxd3 66. Rxd3 Be6 67. Rd6 Kxe5 68. Rb6 Bc4 69.
Rxh6 Kf5 70. Rb6 Kg5 71. h6 Bd3 72. Kg2 Kh5 73. Kf2 Kh4 74. Rd6 Bc2 75. Rd5 g3+ 76.
Kg1 Kg4 77. Rxb5 Kf4 78. Ra5 Kg4 79. c4 Bd3 80. c5 Kg5 81. c6+ Kg6 82. c7 1-0

[Event "*** Titled Tuesday Blitz"]
[Site "Chess.com"]
[Date "2020.12.29"]
[Round "10"]
[White "peixe64"]
[Black "Cambek64"]
[Result "0-1"]
[WhiteElo "2438"]
[BlackElo "2334"]
[TimeControl "180+1"]
[EndTime "11:56:47 PST"]
[Termination "Cambek64 won by checkmate"]

1. e4 e6 2. d4 d5 3. Nc3 Nc6 4. Nf3 Nf6 5. exd5 exd5 6. Bb5 Bd7 7. O-O Be7 8. Re1 O-O 9. Bg5 Bg4 10. Bxc6 bxc6 11. h3 Bxf3 12. Qxf3 Re8 13. b3 h6 14. Bh4 Nh7 15. Bg3 Bd6 16. Na4 Ng5 17. Qd3 Qd7 18. c4 Rxe1+ 19. Rxe1 Re8 20. Re3 Bxg3 21. fxg3 Rxe3 22.
Qxe3 Ne4 23. Kh2 f5 24. Nc3 Qd6 25. c5 Qf6 26. Ne2 g5 27. Qd3 Kg7 28. Qa6 f4 29. gxf4 gxf4 30. Qd3 Ng5 31. Ng1 Qg6 32. Qxg6+ Kxg6 33. h4 Ne6 34. Nf3 Kf5 35. Kh3 h5 36. Ne5 Nxd4 37.
Nf7 Ne6 38. Kh2 d4 39. Kg1 Ke4 40. Kf2 Nxc5 41. Ke2 Nd7 42. Nd8 c5 43. Nc6 Ne5 44. Nxa7 c4 45. bxc4 Nxc4 46. Nb5 c5 47. a4 Na5 48.
Nd6+ Kd5 49. Nf7 c4 50. Kd2 c3+ 51. Kd3 Nb3 52. Ng5 Nc5+ 53. Kc2 Nxa4 54. Nf3 Nc5 55. Ne1 Kc4 56. Kd1 d3 57. Nf3 Nb3 58. Ne1 c2+ 59.
Nxc2 dxc2+ 60. Kxc2 Kd4 61. Kxb3 Ke3 62. Kc4 Kf2 63. Kd3 Kxg2 64. Ke4 f3 65. Kf4 f2 66. Kg5 f1=Q 67. Kxh5 Qf8 68. Kg6 Qh8 69. h5 Kg3 70.
h6 Kg4 71. h7 Kf4 72. Kh6 Kf5 73. Kh5 Qxh7# 0-1